 Dungeon Sprint DCSS version 0.23.0 (webtiles) character file.

Game seed: 5923924939618283421

645 Kairos the Fighter (level 7, -6/64 HPs)
             Began as a Vine Stalker Fighter on Feb 12, 2019.
             Was an Initiate of Okawaru.
             Mangled by Sonja
             ... wielding a +0 dagger of distortion
              (13 damage)
             ... in the Dungeon (Sprint I: "Red Sonja").
             The game lasted 00:02:55 (309 turns).

Kairos the Fighter (Vine Stalker Fighter)            Turns: 309, Time: 00:02:56

Health: -6/64      AC:  8    Str: 25    XL:     7   Next: 52%
Magic:  0/8        EV:  9    Int:  8    God:    Okawaru [......]
Gold:   124        SH: 12    Dex: 14    Spells: 6/6 levels left

rFire    + . .     SeeInvis .   d - +0 war axe "Ultimatum" {flame, rF+} (curse)
rCold    . . .     Gourm    .   c - +0 shield
rNeg     . . .     Faith    .   b - +0 scale mail
rPois    .         Spirit   +   (no helmet)
rElec    .         Reflect  .   (no cloak)
rCorr    .         Harm     .   (no gloves)
MR       .....     NoTele   +   (no boots)
Stlth    ..........             (no amulet)
HPRegen  0.60/turn              (no ring)
MPRegen  0.11/turn              (no ring)

@: berserking, very quick
A: fangs 2, regeneration 1, magic shield, antimagic bite, no potion heal 3, rot
immunity
a: Renounce Religion


You were in the Dungeon.
You worshipped Okawaru.
Okawaru was noncommittal.
You were not hungry.

You visited 1 branch You collected 297 gold pieces.
You spent 173 gold pieces at shops.

Inventory:

Hand Weapons
 a - a +0 war axe
 d - the cursed +0 war axe "Ultimatum" (weapon) {flame, rF+}
   (You bought it in a shop in the Dungeon)

   It has been specially enchanted to burn those struck by it, causing extra
   injury to most foes and up to half again as much damage against particularly
   susceptible opponents.
   Big, fiery blades are also staple armaments of hydra-hunters.
   It protects you from fire.
   It has a curse placed upon it.
Missiles
 l - 3 javelins of penetration (quivered)
Armour
 b - a +0 scale mail (worn)
 c - a +0 shield (worn)
Scrolls
 k - a scroll of blinking
Potions
 e - a potion of curing
 g - a potion of heal wounds
 h - a potion of haste
 i - 2 potions of magic
Comestibles
 f - 3 rations


   Skills:
 + Level 8.2 Fighting
 + Level 6.3 Axes
 + Level 7.3 Armour
 + Level 0.7 Dodging
 + Level 8.0 Shields


You had 6 spell levels left.
You didn't know any spells.
Your spell library was empty.

Dungeon Overview and Level Annotations

Branches:
Dungeon (1/1)

Altars:
Cheibriados
Dithmenos
Elyvilon
Fedhas
Gozag
Hepliaklqana
Kikubaaqudgha
Makhleb
Nemelex Xobeh
Okawaru
Qazlal
Ru
Sif Muna
Trog
Uskayaw
Vehumet
Wu Jian
Xom
Yredelemnul
Zin
The Shining One
Jiyva
Lugonu

Shops:
D (

Annotations:
D Sonja


Innate Abilities, Weirdness & Mutations

You have extremely sharp teeth.
Your natural rate of healing is unusually fast.
When hurt, damage is shared between your health and your magic reserves.
Your bite disrupts and absorbs the magic of your enemies.
Potions cannot restore your health.
You are immune to rotting.


Message History

Found a ration, 9 gold pieces, a glowing hat and a hunting sling.
Unknown command.
Okay, then.
A red film seems to cover your vision as you go berserk!
You feel yourself moving faster!
You feel mighty! Sonja hits you but does no damage. Space bends around you.
You block Sonja's attack. x2
You completely miss Sonja. Your bite misses Sonja. You slash the deep troll!
You burn the deep troll. You block Sonja's attack. x2
Sonja barely misses you.
The deep troll bites you but does no damage.
The deep troll closely misses you. The deep troll claws you.
You completely miss Sonja. Your bite misses Sonja. You slash the deep troll!
You burn the deep troll.
Sonja hits you with a +0 dagger of distortion.
Space warps horribly around you!
* * * LOW HITPOINT WARNING * * *
Sonja barely misses you. Sonja hits you but does no damage.
Space warps horribly around you!
You die...

#..').#..'..#..'..+
#..#####'#####'#__# #
#..####..#...#.####?!#
#..#__####..##.#§≈§§
#..#_____##'#_.+§§§
#⌠⌠#_.∩...÷..._#§§§
####_..__##_.#'# +###
#_____##.'#.#%$[)#
#########K@T..+
+$.$+$$.$$+
#$.$####### ##.## #+#


You could see a deep troll and Sonja.

Vanquished Creatures
  A slime creature (D)
  Sigmund (D)
  A yak (D)
  An ogre (D)
  A jelly (D)
  Ijyb (D)
6 creatures vanquished.

Notes
Turn   | Place    | Note
-------+----------+-------------------------------------------
     0 | D        | Kairos the Vine Stalker Fighter began the quest for the
                  | Orb.
     0 | D        | Reached XP level 1. HP: 11/11 MP: 2/2
     1 | D        | Noticed Ijyb
    12 | D        | Killed Ijyb
    12 | D        | Reached XP level 2. HP: 16/17 MP: 3/3
    12 | D        | Reached XP level 3. HP: 19/21 MP: 4/4
    27 | D        | Noticed an ogre
    31 | D        | Killed an ogre
    31 | D        | Reached skill level 5 in Fighting
    31 | D        | Reached skill level 5 in Shields
    31 | D        | Gained mutation: Your natural rate of healing is unusually
                  | fast. [Vine Stalker growth]
    31 | D        | Reached XP level 4. HP: 27/27 MP: 5/5
    36 | D        | Noticed Sigmund
    42 | D        | Killed Sigmund
    42 | D        | Reached XP level 5. HP: 32/32 MP: 6/6
    42 | D        | Reached XP level 6. HP: 37/37 MP: 7/7
    50 | D        | Found a burning altar of Makhleb.
    50 | D        | Found a shimmering altar of Xom.
    50 | D        | Noticed a slime creature
    55 | D        | Killed a slime creature
    55 | D        | Reached skill level 5 in Axes
    55 | D        | Reached XP level 7. HP: 19/42 MP: 3/8
    56 | D        | Found a viscous altar of Jiyva.
    56 | D        | Found a corrupted altar of Lugonu.
    58 | D        | Found an ornate altar of the Wu Jian Council.
    58 | D        | Found a deep blue altar of Sif Muna.
    60 | D        | Found a radiant altar of Vehumet.
    67 | D        | Found Jiredierr's Weapon Emporium.
    67 | D        | Found an ancient bone altar of Kikubaaqudgha.
    67 | D        | Found a hazy altar of Hepliaklqana.
    67 | D        | Found a stormy altar of Qazlal.
    67 | D        | Found a hide-covered altar of Uskayaw.
    67 | D        | Found a blossoming altar of Fedhas.
    67 | D        | Found a bloodstained altar of Trog.
    67 | D        | Found an iron altar of Okawaru.
    67 | D        | Found a basalt altar of Yredelemnul.
    67 | D        | Found a glowing golden altar of the Shining One.
    67 | D        | Found a snail-covered altar of Cheibriados.
    67 | D        | Found a sacrificial altar of Ru.
    67 | D        | Found a glowing silver altar of Zin.
    67 | D        | Found a shadowy altar of Dithmenos.
    67 | D        | Found a white marble altar of Elyvilon.
    67 | D        | Noticed a yak
    70 | D        | Killed a yak
    72 | D        | Found an opulent altar of Gozag.
    75 | D        | Found a sparkling altar of Nemelex Xobeh.
   165 | D        | Bought the cursed +0 war axe "Ultimatum" {flame, rF+} for
                  | 173 gold pieces
   170 | D        | Became a worshipper of Warmaster Okawaru
   300 | D        | Noticed Sonja
   305 | D        | Noticed a deep troll
   309 | D        | Mangled by Sonja

Skill      XL: |  1  2  3  4  5  6  7 |
---------------+----------------------+-----
Fighting       | 3 5 6 7 8 |  8.2
Axes           | 2 3 4 5 6 |  6.3
Armour         | 3 4 6 7 |  7.3
Shields        | 3 5 6 7 8 |  8.0
Dodging        | |  0.7

Action                   |  1- 3 |  4- 6 |  7- 9 || total
-------------------------+-------+-------+-------++-------
Melee: War axe           |    13 |    10 |     7 ||    30
       Bite              |     4 |     6 |     1 ||    11
  Use: Potion            |     1 |       |     1 ||     2
Armor: Scale mail        |     8 |     1 |     5 ||    14
Dodge: Dodged            |     2 |       |     3 ||     5
Block: Shield            |     2 |     5 |    11 ||    18
